 Dungeon Crawl Stone Soup version 0.26.1-11-gd32895ea62 (webtiles) character file.

Game seed: 8761811674299165850

84 ubername the Caller (level 4, -5/31 HPs)
             Began as a Barachi Summoner on July 15, 2021.
             Slain by an orc
             ... wielding a +0 trident
              (9 damage)
             ... on level 3 of the Dungeon.
             The game lasted 00:07:44 (3142 turns).

ubername the Caller (Barachi Summoner)              Turns: 3142, Time: 00:07:44

Health: -5/31      AC:  3    Str:  8 (9)  XL:     4   Next: 45%
Magic:  2/8        EV: 12    Int: 16 (17) God:
Gold:   115        SH:  0    Dex:  9 (12) Spells: 3/9 levels left

rFire    . . .     SeeInvis .   j - +0 dagger
rCold    . . .     Faith    .   (no shield)
rNeg     . . .     Spirit   .   a - +0 robe
rPois    .         Reflect  .   (no helmet)
rElec    .         Harm     .   (no cloak)
rCorr    .         Rampage  .   o - +0 pair of gloves
Will     .....                  (no boots)
Stlth    ++........             (no amulet)
HPRegen  0.10/turn              (no ring)
MPRegen  0.11/turn              (no ring)

@: lethally poisoned (-5 -> -9), hasted, quick
A: +LOS, swims, slowness 1, strong legs 1
a: Hop


You were on level 3 of the Dungeon.
You visited 1 branch of the dungeon, and saw 3 of its levels.

You collected 115 gold pieces.

Inventory:

Hand Weapons
 j - a +0 dagger (weapon)
Missiles
 g - 8 poisoned darts (quivered)
 l - 47 stones
Armour
 a - a +0 robe (worn)
 o - a +0 pair of gloves (worn)
Jewellery
 d - a +6 ring of strength {unknown}
Scrolls
 c - 2 scrolls of magic mapping {unknown}
 e - a scroll of immolation {unknown}
 h - 4 scrolls of identify {unknown}
 k - a scroll of teleportation {unknown}
Potions
 m - a potion of heal wounds {unknown}
 n - a potion of cancellation {unknown}


   Skills:
 + Level 0.4 Fighting
 + Level 1.0 Short Blades
 + Level 2.4 Dodging
 + Level 2.0 Stealth
 + Level 0.8 Unarmed Combat
 + Level 3.0 Spellcasting
 + Level 5.8 Summonings


You had 3 spell levels left.
You knew the following spells:

 Your Spells              Type           Power        Failure   Level
a - Summon Small Mammal   Summ           84%          1%          1
b - Call Imp              Summ           21%          2%          2
c - Call Canine Familiar  Summ           21%          4%          3

Your spell library contained the following spells:

 Spells                   Type           Power        Failure   Level
 Summon Guardian Golem    Hex/Summ       11%          17%         3
 Summon Ice Beast         Ice/Summ       11%          50%         4
 Summon Lightning Spire   Summ/Air       11%          50%         4


Dungeon Overview and Level Annotations

Branches:
Dungeon (3/15)

Altars:
Qazlal

Annotations:
D:2 1 runed translucent door, Crazy Yiuf


Innate Abilities, Weirdness & Mutations

You can be seen from farther away. (+LOS)
You can swim through water.
You cover ground slowly.
You can hop short distances.


Message History

Your quokka bites the orc priest.
The orc priest dies!
Your shadow imp hits the orc.
The orc dies!
The adder misses you.
Your Short Blades skill increases to level 1!
It was a potion of degeneration.
There was something very wrong with that liquid.
You feel weakened.
You feel dopey.
You feel clumsy.
You feel sick.
The orc priest looks encouraged for a moment.
Your quokka completely misses the adder.
Something hits you.
* * * LOW HITPOINT WARNING * * *
The adder misses you.
Your shadow imp gestures at the adder.
The adder writhes in agony.
It was a potion of haste.
You feel yourself speed up.
The orc hits you from afar with a +0 trident!
You die...

### ##.###
##?...#
##..<..######
#...........#
#.#@5........#
#.rS{.........#
#..5o..........#
#..).######.....#
...... #...<.#
....... #.....#
...... #.....#
###### #.....#
#.....#


You could see an adder, an orc, a friendly crimson imp (summoned), a friendly
shadow imp (summoned) and a friendly quokka (summoned).

Vanquished Creatures
  An adder (D:2)
  A leopard gecko (D:1)
  2 bats
  A hobgoblin (D:2)
  2 kobolds (D:2)
  2 rats
9 creatures vanquished.

Vanquished Creatures (collateral kills)
  An orc priest (D:3)
  3 adders (D:2)
  3 worms (D:2)
  A dart slug (D:2)
  An orc (D:3)
  2 ball pythons (D:1)
  2 giant cockroaches (D:1)
  7 goblins
  6 hobgoblins
  4 jackals (D:1)
  5 kobolds
  4 bats (D:2)
  4 frilled lizards
  4 rats
47 creatures vanquished.

Vanquished Creatures (others)
  A kobold (D:2)
1 creature vanquished.

Grand Total: 57 creatures vanquished

Notes
Turn   | Place    | Note
-------+----------+-------------------------------------------
     0 | D:1      | ubername the Barachi Summoner began the quest for the Orb.
     0 | D:1      | Reached XP level 1. HP: 13/13 MP: 3/3
    64 | D:1      | Reached skill level 5 in Summonings
   284 | D:1      | Reached XP level 2. HP: 19/19 MP: 5/5
  1383 | D:1      | Learned a level 2 spell: Call Imp
  1521 | D:2      | Reached XP level 3. HP: 24/24 MP: 1/6
  2753 | D:2      | Learned a level 3 spell: Call Canine Familiar
  2760 | D:2      | Found a stormy altar of Qazlal.
  2815 | D:2      | Reached XP level 4. HP: 27/30 MP: 8/8
  3088 | D:2      | Found a runed translucent door.
  3089 | D:2      | Noticed Crazy Yiuf
  3141 | D:3      | Reached skill level 1 in Short Blades
  3142 | D:3      | Slain by an orc

Illustrated notes

Levels and vault maps discovered:
D:1:      dpeg_arrival_orchard, layout_basic
D:2:      layout_loops_corners, grunt_qazlal_clouds,
          chequers_serial_rivers_small_b, uniq_crazy_yiuf_cottage
D:3:      minmay_inner_zag, layout_rooms, kennysheep_vampire_church,
          roderic_serpentine_path, uniq_sigmund

Skill      XL: |  1  2  3  4 |
---------------+-------------+-----
Summonings     | 5 |  5.8
Stealth        | 2 |  2.0
Spellcasting   | 3 |  3.0
Short Blades   | 1 |  1.0
Fighting       | |  0.4
Dodging        | |  2.4
Unarmed Combat | |  0.8

Action                   |  1- 3 |  4- 6 || total
-------------------------+-------+-------++-------
Melee: Unarmed           |    18 |       ||    18
       Dagger            |    21 |    23 ||    44
Throw: Dart              |     1 |       ||     1
 Cast: Summon Small Mamm |    35 |     1 ||    36
       Call Imp          |    19 |     2 ||    21
       Call Canine Famil |       |     1 ||     1
  Use: Potion            |     1 |     2 ||     3
Armor: Robe              |    20 |     2 ||    22
Dodge: Dodged            |    72 |    23 ||    95
